 Dungeon Crawl Stone Soup version 0.27.1-3-gb3d3a73c9e (webtiles) character file.

Game seed: 3718928318312715628

4293 jlumianski the Cleaver (level 10, -5/88 HPs)
             Began as a Deep Dwarf Fighter on Oct 21, 2021.
             Was a Follower of Makhleb.
             Slain by a death knight (27 damage)
             ... on level 8 of the Dungeon.
             The game lasted 00:43:39 (7354 turns).

jlumianski the Cleaver (Deep Dwarf Fighter)         Turns: 7354, Time: 00:43:40

Health: -5/88      AC: 12    Str: 22    XL:     10   Next: 11%
Magic:  2/2        EV: 10    Int: 10    God:    Makhleb [*.....]
Gold:   400        SH: 17    Dex: 18    Spells: 9/9 levels left

rFire    + + .     SeeInvis .   B - +0 broad axe
rCold    . . .     Faith    .   c - +0 kite shield
rNeg     . . .     Spirit   .   k - +1 scale mail {rF+}
rPois    .         Reflect  +   (no helmet)
rElec    .         Harm     .   I - +0 cloak
rCorr    .         Rampage  .   p - +1 pair of gloves
Will     .....                  (no boots)
Stlth    +.........             t - amulet of reflection
HPRegen  0.00/turn              o - ring of protection from fire
MPRegen  0.08/turn              h - +6 ring of dexterity

@: weak-willed
A: damage resistance, heal wounds, sense surroundings 2, no regeneration
a: Heal Wounds, Renounce Religion


You were on level 8 of the Dungeon.
You worshipped Makhleb.
Makhleb was aware of your devotion.
You visited 2 branches of the dungeon, and saw 9 of its levels.
You also visited: Ossuary.

You collected 436 gold pieces.
You spent 36 gold pieces at shops.

Inventory:

Hand Weapons
 a - a +0 war axe
 n - a +0 dagger
 y - a +0 hand crossbow
 A - the +7 dagger "Cafunus" {holy, Int+5 Dex-4}
   (You found it on level 4 of the Dungeon)

   It has been blessed by the Shining One to cause great damage to the undead
   and demons.
   Int:       It affects your intelligence (+5).
   Dex:       It affects your dexterity (-4).
 B - a +0 broad axe (weapon)
 D - a +1 trident of protection
 E - a +1 whip of electrocution
Missiles
 i - 130 stones
 q - 77 poisoned darts (quivered)
 v - 5 boomerangs of dispersal
 z - 49 bolts
 K - 8 javelins
 M - a curare-tipped dart
Armour
 b - a +0 scale mail
 c - a +0 kite shield (worn)
 k - a +1 scale mail of fire resistance (worn)
 p - a +1 pair of gloves (worn)
 I - a +0 cloak (worn)
Magical Staves
 u - a staff of cold
Jewellery
 h - a +6 ring of dexterity (right hand)
 o - a ring of protection from fire (left hand)
 t - an amulet of reflection (around neck)
Wands
 g - a wand of mindburst (16)
 w - a wand of digging (3)
 x - a wand of acid (2)
 N - a wand of iceblast (7)
Scrolls
 m - 4 scrolls of noise
 J - a scroll of teleportation
 P - 3 scrolls of silence
Potions
 d - a potion of might
 e - 4 potions of curing
 f - 2 potions of brilliance
 j - a potion of resistance
 l - 2 potions of flight
 r - a potion of ambrosia
 s - a potion of berserk rage {unknown}
 C - 2 potions of heal wounds {unknown}
 F - a potion of lignification {unknown}
 H - 6 potions of attraction {unknown}
 L - 3 potions of degeneration
 O - a potion of mutation {unknown}
 R - a potion of magic {unknown}
 S - 2 potions of haste


   Skills:
 + Level 5.2 Fighting
 + Level 10.0 Axes
 + Level 0.9 Crossbows
 + Level 1.2 Throwing
 + Level 7.3 Armour
 + Level 3.6 Dodging
 + Level 1.3 Stealth
 + Level 8.9 Shields
 * Level 0.5 Invocations
 + Level 0.1 Evocations


You had 9 spell levels left.
You didn't know any spells.
Your spell library contained the following spells:

 Spells                   Type           Power      Damage    Failure   Level
 Static Discharge         Conj/Air       0%         N/A       96%         2
 Ozocubu's Armour         Ice            0%         N/A       99%         3
 Dispel Undead            Necr           0%         3d6       100%        4
 Leda's Liquefaction      Hex/Erth       0%         N/A       100%        4
 Sticky Flame             Conj/Fire      0%         2d3       100%        4
 Bolt of Magma            Conj/Fire/Erth 0%         4d4       100%        5
 Statue Form              Tmut/Erth      0%         N/A       100%        6
 Ozocubu's Refrigeration  Ice            0%         4d5       100%        7


Dungeon Overview and Level Annotations

Branches:
Dungeon (8/15)             Temple (1/1) D:7         Ossuary (visited)
   Lair: D:8-11

Altars:
Ashenzari
Cheibriados
Fedhas
Gozag
Hepliaklqana
Kikubaaqudgha
Makhleb
Nemelex Xobeh
Okawaru
Qazlal
Sif Muna
Uskayaw
Xom
Yredelemnul

Shops:
D:1 (   D:6 *:

Annotations:
D:4 1 transporter


Innate Abilities, Weirdness & Mutations

You are resistant to damage.
You can heal yourself by infusing magical energy.
You passively map the area around you.
You do not regenerate.


Message History

Evoke which item? (* to show all) (? for menu, Esc to quit)
Okay, then.
Unknown command.
Unknown command.
Unknown command.
Aiming: Corrosive Bolt
Press: ? - help, Shift-Dir - straight line, f/p - death knight
Aim: a death knight, wielding a +0 battleaxe and wearing a +0 chain mail (heavily wounded, reflecting injuries, covered in acid, 71% to hit)
The bolt of acid hits the death knight!
The death knight is splashed with acid.
The death knight seems to be corroded for longer.
The death knight is severely wounded.
The death knight reflects your damage back at you!
You block the vampire mosquito's attack.
You block the phantasmal warrior's attack.
The vampire mosquito barely misses you.
The death knight hits you with a +0 battleaxe!!
* * * LOW HITPOINT WARNING * * *
The vampire mosquito bites you!
* * * LOW HITPOINT WARNING * * *
The vampire mosquito draws strength from your injuries!
You feel much better.
You block the vampire mosquito's attack. x2
The phantasmal warrior hits you!
* * * LOW HITPOINT WARNING * * *
The vampire mosquito bites you.
* * * LOW HITPOINT WARNING * * *
The vampire mosquito draws strength from your injuries!
The death knight mumbles some strange prayers to Yredelemnul against you.
Your body is wracked with pain!
* * * LOW HITPOINT WARNING * * *
The vampire mosquito barely misses you.
Okay, then.
Unknown command.
You feel much better.
You block the vampire mosquito's attack.
The vampire mosquito closely misses you.
The phantasmal warrior hits you!
* * * LOW HITPOINT WARNING * * *
The death knight hits you with a +0 battleaxe!!
You die...

...........................*
* *
...........................
, ,,
.....................#####.
, .....................# ,
......#.#########..### ,
........# #..# * , ,, ......
#######..# , ,, , ##.
#....(...# * , #....y@$.#* ,
, * #....pWy..# , ,
#...†.....# * , #.........#
, , #......(>.# * ,
..........## ..........# *
##........# * , , , ,


You could see a death knight (reflects damage, corroded), a phantasmal warrior
and 2 vampire mosquitoes.

Vanquished Creatures
  Pikel (D:5)
  A freezing wraith (D:8)
  3 yaks (D:7)
  Sigmund (D:5)
  A wraith (D:8)
  A vampire mosquito (D:8)
  Duvessa (D:4)
  2 ice beasts
  A black bear (D:7)
  A sky beast (Temple)
  An ogre (D:5)
  2 necrophages (D:5)
  3 centaurs
  A phantom (D:6)
  2 lemures (D:5)
  A kobold brigand (D:8)
  Blork the orc (D:5)
  2 bullfrogs
  A gnoll sergeant (D:5)
  2 scorpions
  Dowan (D:4)
  3 water moccasin zombies (Ossuary)
  A water moccasin skeleton (D:6)
  5 jellies
  A howler monkey (D:4)
  A bullfrog zombie (D:6)
  2 centaur zombies
  3 hounds (D:5)
  A centaur skeleton (D:7)
  2 iguanas
  Ijyb (D:4)
  Terence (D:1)
  3 orc wizards
  2 bullfrog skeletons
  A killer bee zombie (D:8)
  A hound zombie (D:5)
  3 mummies
  13 gnolls
  3 adders
  A howler monkey skeleton (D:4)
  3 white imps
  An adder skeleton (D:4)
  9 adder zombies (Ossuary)
  2 worms (D:2)
  4 dart slugs
  8 orcs
  8 bats
  6 endoplasms
  2 giant cockroaches
  2 gnoll zombies (Ossuary)
  4 goblins
  8 hobgoblins
  9 jackals
  13 kobolds
  4 quokkas
  5 ball pythons
  3 frilled lizards
  6 hobgoblin zombies (Ossuary)
  6 kobold zombies (Ossuary)
  6 orc zombies (Ossuary)
  5 rats
  A rat zombie (D:8)
193 creatures vanquished.

Vanquished Creatures (others)
  16 plants
16 creatures vanquished.

Grand Total: 209 creatures vanquished

Notes
Turn   | Place    | Note
-------+----------+-------------------------------------------
     0 | D:1      | jlumianski the Deep Dwarf Fighter began the quest for the
                  | Orb.
     0 | D:1      | Reached XP level 1. HP: 20/20 MP: 1/1
   110 | D:1      | Reached XP level 2. HP: 24/27 MP: 2/2
   250 | D:1      | Found Riolico's Antique Weapon Shop.
   345 | D:1      | Found a faded altar of an unknown god.
   424 | D:1      | Reached XP level 3. HP: 22/34 MP: 3/3
   571 | D:1      | Reached skill level 3 in Axes
   742 | D:2      | Noticed Terence
   761 | D:1      | Killed Terence
   794 | D:2      | Reached XP level 4. HP: 24/42 MP: 4/4
  1610 | D:3      | Reached skill level 4 in Axes
  1855 | D:3      | Found a blossoming altar of Fedhas.
  1855 | D:3      | Found a broken altar of Ashenzari.
  2402 | D:3      | Reached XP level 5. HP: 49/49 MP: 4/4
  2440 | D:4      | Found a sparkling altar of Nemelex Xobeh.
  2440 | D:4      | Found a transporter.
  2519 | D:4      | Reached skill level 1 in Dodging
  2546 | D:4      | Noticed Dowan
  2547 | D:4      | Noticed Duvessa
  2583 | D:4      | Killed Duvessa
  2584 | D:4      | Reached XP level 6. HP: 26/56 MP: 5/5
  2598 | D:4      | Killed Dowan
  2599 | D:4      | Reached skill level 5 in Axes
  2639 | D:4      | Noticed Ijyb
  2652 | D:4      | Killed Ijyb
  2826 | D:3      | Reached skill level 5 in Shields
  2903 | D:4      | Reached XP level 7. HP: 17/62 MP: 5/5
  2908 | D:4      | Found a stormy altar of Qazlal.
  3239 | D:5      | Entered Level 5 of the Dungeon
  3502 | D:4      | Identified the +7 dagger "Cafunus" {holy, Int+5 Dex-4}
  3585 | D:5      | Noticed Sigmund
  3598 | D:5      | Killed Sigmund
  3599 | D:5      | Reached skill level 6 in Axes
  3599 | D:5      | Reached skill level 5 in Armour
  3622 | D:5      | Noticed Blork the orc
  3641 | D:5      | Killed Blork the orc
  3889 | D:5      | Reached XP level 8. HP: 34/72 MP: 5/5
  4289 | D:5      | Noticed Pikel
  4349 | D:5      | Found a hazy altar of Hepliaklqana.
  4371 | D:5      | Reached skill level 7 in Axes
  4379 | D:5      | Killed Pikel
  4735 | D:6      | Found Ribierot's Book Shoppe.
  4756 | D:6      | Reached skill level 1 in Stealth
  4977 | D:5      | Gained mutation: You passively map the area around you.
                  | [Deep Dwarf growth]
  4977 | D:5      | Reached XP level 9. HP: 46/79 MP: 4/4
  5039 | D:6      | Reached skill level 8 in Axes
  5212 | D:6      | Found Uwneacin's General Store.
  5243 | D:6      | Found Kaadas's Specific Store.
  5254 | D:6      | Bought a scroll of teleportation for 36 gold pieces
  5766 | D:7      | Found a staircase to the Ecumenical Temple.
  5775 | Temple   | Entered the Ecumenical Temple
  5788 | Temple   | Reached skill level 1 in Throwing
  5793 | Temple   | Became a worshipper of Makhleb the Destroyer
  5997 | D:7      | Found a snail-covered altar of Cheibriados.
  6810 | D:8      | Found a sand-covered staircase.
  6817 | D:8      | Reached skill level 9 in Axes
  6823 | Ossuary  | Entered an ossuary
  6907 | Ossuary  | Reached * piety under Makhleb
  7098 | D:7      | Reached skill level 5 in Fighting
  7198 | D:8      | Noticed a freezing wraith
  7239 | D:8      | Killed a freezing wraith
  7240 | D:8      | Reached skill level 10 in Axes
  7240 | D:8      | Reached XP level 10. HP: 48/88 MP: 3/3
  7341 | D:8      | Noticed a death knight
  7343 | D:8      | Noticed a phantasmal warrior
  7354 | D:8      | Slain by a death knight

Illustrated notes

Levels and vault maps discovered:
D:1:      wander_arrival_fairy_ring, layout_loops_ring,
          dilly_ecumenical_altar_fadedgnrine, serial_shops,
          nicolae_shop_window_shopping, minmay_misc_feat_ornament
D:2:      layout_basic, minmay_fractal_squares_gapless_5, uniq_terence
D:3:      layout_basic, jmf_multi_god_temple, st_stairs_2
D:4:      layout_basic, mainiacjoe_overflow_tiny_flanked,
          grunt_nemelex_the_gamble, uniq_duvessa, uniq_ijyb
D:5:      layout_basic, nicolae_hepliaklqana_hazy_memory,
          minmay_misc_feat_nine_boxes, kennysheep_generic_room_9, uniq_pikel,
          uniq_sigmund, uniq_blork_the_orc
D:6:      layout_rooms, roderic_roman_lattice, nicolae_stop_n_shop_2,
          nicolae_specific_store, feat_on_display
D:7:      layout_basic, chei_slow_surprise, minmay_temple_entry_wispy
D:8:      layout_basic, enter_ossuary_3, kennysheep_nondescript,
          minmay_hedge_maze, abandoned_shop
Temple:   eino_narrow_crystal_temple

Skill      XL: |  1  2  3  4  5  6  7  8  9 |
---------------+----------------------------+-----
Fighting       | 3 4 5 |  5.2
Axes           | 3 4 5 6 7 10 | 10.0
Shields        | 4 5 7 8 |  8.9
Armour         | 4 5 6 7 |  7.3
Dodging        | 1 3 |  3.6
Stealth        | 1 |  1.3
Throwing       | 1 |  1.2
Crossbows      | |  0.9
Invocations    | |  0.5
Evocations     | |  0.1

Action                   |  1- 3 |  4- 6 |  7- 9 | 10-12 || total
-------------------------+-------+-------+-------+-------++-------
Melee: War axe           |   112 |   205 |   175 |       ||   492
       Broad axe         |       |       |   255 |    17 ||   272
 Fire: Hand crossbow     |       |       |     3 |       ||     3
Throw: Stone             |     3 |     1 |       |       ||     4
       Dart              |       |     5 |    34 |       ||    39
 Abil: Heal Wounds       |     2 |     7 |    17 |     4 ||    30
Evoke: Wand              |       |       |     1 |     6 ||     7
  Use: Scroll            |       |       |    15 |       ||    15
       Potion            |       |       |     1 |       ||     1
Armor: Scale mail        |    51 |    65 |   119 |     8 ||   243
Dodge: Dodged            |    41 |    50 |   120 |    11 ||   222
Block: Kite shield       |    66 |   147 |   397 |    30 ||   640
       Reflection        |       |     2 |    11 |     3 ||    16
